Wolfpack vs Comets

Created - January 5, 2022 at 20:58

Goals
1 2 3 OT1 SO T
Wolfpack 0 0 1 0 3 2
Comets 0 1 0 0 2 1
Shots
1 2 3 OT1 SO T
Wolfpack 13 1 8 1 4 23
Comets 10 12 8 0 4 30

1st period

No Goal

Penalties :
Joshua Leivo (Uti) for Holding (Minor) at 2:32, Stefan Noesen (Har) for Interference (Minor) at 16:53

2nd period

1. Comets , Dennis Everberg 10 (Nicolas Petan 4, Oliver Kylington 1) at 17:28

Penalties :
Joshua Leivo (Uti) for Interference (Minor) at 1:26, Seth Helgeson (Uti) for Goalie Interference (Minor) at 5:44, Mikhail Sergachev (Har) for Hooking (Minor) at 14:52, Steven Santini (Har) for Slashing (Minor) at 18:40

3rd period

2. Wolfpack , Maxime Sauvé 8 (Stefan Noesen 15, Dave Dziurzynski 6) at 19:13

Penalties :
Seth Helgeson (Uti) for Kneeing (Minor) at 4:07, Seth Helgeson (Uti) for Roughing (Minor) at 8:25

Overtime #1

No Goal

Penalties :
No Penalty

Shootout

Wolfpack, Maxime Sauvé - Goal!
Comets, Dennis Everberg - Goal!
Wolfpack, Stefan Noesen - Stopped by Alexandar Georgiev
Comets, Taylor Beck - Stopped by Samuel Montembeault
Wolfpack, Dave Dziurzynski - Goal!
Comets, Brendan Lemieux - Goal!
Wolfpack, Henrik Samuelsson - Goal!
Comets, Brendan Gaunce - Stopped by Samuel Montembeault

Penalties :
No Penalty

Goalie Stats

Samuel Montembeault (Har), 29 saves from 30 shots - (0.967), W, 5-4-0, 64:46 minutes
Alexandar Georgiev (Uti), 22 saves from 23 shots - (0.957), OTL, 4-3-3, 65:00 minutes

Players Stats for Wolfpack

Player Name              G  A  P  +/- PIM S  H  SB GA TA FO     MP     PP MP  PK MP  
------------------------------------------------------------------------------------
Alex Barre-Boulet        0  0  0  -1  0   1  0  1  0  0  0/0    11:59   0:00   0:00 
Colton White             0  0  0   0  0   1  0  0  0  1  0/0    15:06   0:32   1:00 
Connor Chatam            0  0  0   0  0   0  3  0  1  0  0/0    10:50   0:30   0:00 
Dave Dziurzynski         0  1  1   1  0   2  2  1  0  2  0/3    21:52   4:13   3:21 
David Pope               0  0  0   0  0   1  1  0  0  0  0/0    13:47   1:21   1:05 
Derrick Pouliot          0  0  0   0  0   2  2  0  1  0  0/0    27:27   5:12   3:55 
Henrik Samuelsson        0  0  0  -1  0   1  2  0  0  0  2/7    20:32   4:43   1:53 
Kevin Roy                0  0  0   0  0   2  1  0  0  0  0/1     9:42   0:13   0:00 
Maxime Sauvé             1  0  1   1  0   2  1  1  0  1  6/20   21:37   4:14   3:26 
Mikhail Sergachev        0  0  0   0  2   2  0  1  1  2  0/0    23:19   4:43   1:14 
Ryan Culkin              0  0  0   0  0   0  0  1  0  0  0/0    16:16   0:00   2:17 
Ryan Dzingel             0  0  0   0  0   1  4  0  0  0  0/0    18:11   4:43   1:55 
Samuel Blais             0  0  0  -1  0   3  3  1  0  0  0/0    17:12   4:37   0:14 
Sebastian Collberg       0  0  0   0  0   0  2  0  1  0  0/0    10:10   0:00   0:00 
Seth Griffith            0  0  0   0  0   1  2  0  0  0  6/7    11:32   0:00   0:00 
Stefan Noesen            0  1  1   1  2   3  1  0  1  1  0/2    15:45   4:39   0:00 
Steven Santini           0  0  0   0  2   0  3  1  0  2  0/0    25:21   5:12   2:02 
Vince Dunn               0  0  0   0  0   1  2  0  1  1  0/0    23:22   4:43   1:26 

Players Stats for Comets

Player Name              G  A  P  +/- PIM S  H  SB GA TA FO     MP     PP MP  PK MP  
------------------------------------------------------------------------------------
Andrej Nestrasil         0  0  0   0  0   3  3  0  1  0  3/7    17:37   3:02   3:23 
Axel Holmstrom           0  0  0   0  0   0  2  0  0  0  2/4     8:46   0:37   0:00 
Brendan Gaunce           0  0  0   0  0   4  0  1  2  0  17/22  24:34   2:18   4:40 
Brendan Lemieux          0  0  0   0  0   4  2  0  0  2  0/0    18:32   2:54   4:15 
Brendan Perlini          0  0  0   0  0   3  3  0  1  0  0/0     9:56   0:37   0:46 
Denis Gurianov           0  0  0   0  0   1  3  0  0  0  1/1    19:23   2:14   0:00 
Dennis Everberg          1  0  1   0  0   5  0  1  0  0  0/0    10:43   0:43   0:00 
Joshua Leivo             0  0  0   0  4   1  3  0  0  0  0/0    11:41   0:00   0:00 
Juho Lammikko            0  0  0   0  0   2  0  0  0  0  0/0     7:55   0:00   0:00 
Justin Bailey            0  0  0  -1  0   1  1  0  0  0  1/1    16:20   3:00   2:06 
Juuso Riikola            0  0  0   0  0   1  1  1  0  1  0/0    23:26   2:43   4:55 
Nicolas Petan            0  1  1   1  0   0  1  0  0  0  2/4     9:29   0:00   0:00 
Nikita Tryamkin          0  0  0   0  0   0  4  0  0  1  0/0    23:19   2:57   4:51 
Oliver Kylington         0  1  1   1  0   0  0  0  0  0  0/0    14:04   0:07   2:32 
Phil Di Giuseppe         0  0  0   0  0   0  0  0  0  0  0/0     0:00   0:00   0:00 
Seth Helgeson            0  0  0  -1  6   2  4  0  0  2  0/0    27:27   2:53   2:13 
Taylor Beck              0  0  0   0  0   3  1  1  5  0  0/1    24:43   2:26   4:40 
Wiley Sherman            0  0  0  -1  0   0  2  1  1  0  0/0    29:54   3:07   5:04 
William Lagesson         0  0  0   1  0   0  0  0  0  0  0/0    12:11   0:07   0:15 

3 Stars

1 - Samuel Montembeault (Har)
2 - Maxime Sauvé (Har)
3 - Alexandar Georgiev (Uti)

Power Play

Wolfpack - 0 on 5 Attempt(s) - 0.00%
Comets - 0 on 3 Attempt(s) - 0.00%

Penalty Kill

Wolfpack - 3 on 3 Attempt(s) - 100.00% - Score 0 goal in Penalty Kill
Comets - 5 on 5 Attempt(s) - 100.00% - Score 0 goal in Penalty Kill

Team Stat

Wolfpack - Hits : 29 - Faceoff Wins : 14 - Blocked Shots : 7 - Penalty Minutes : 6
Comets - Hits : 30 - Faceoff Wins : 26 - Blocked Shots : 5 - Penalty Minutes : 10

Official

Referees : Conor O'Donnell and Trevor Hanson
Linesman : Mark Shewchyk and Ryan Galloway

Game Notes

No Game Note

Finance

Level 1 -- Attendance: 1908 (95.40%) -- Ticket Income $66,780
Level 2 -- Attendance: 857 (85.70%) -- Ticket Income $12,855
Total Attendance: 2765 (92.17%)
Total Ticket Income: $79,635
Other Income: $3,982
Total Income: $83,617

Wolfpack

5 vs 5 Forward 
   Center                   Left Wing                Right Wing               Time % Phy DF OF 
 1 Maxime Sauvé             Dave Dziurzynski         Stefan Noesen            40     1   2  2  
 2 Henrik Samuelsson        Samuel Blais             Alex Barre-Boulet        30     1   2  2  
 3 Seth Griffith            Ryan Dzingel             Sebastian Collberg       20     1   2  2  
 4 Kevin Roy                David Pope               Connor Chatam            10     1   2  2  

5 vs 5 Defense 
   Defense                  Defense                                           Time % Phy DF OF 
 1 Derrick Pouliot          Steven Santini                                    40     1   2  2  
 2 Vince Dunn               Mikhail Sergachev                                 30     1   2  2  
 3 Ryan Culkin              Colton White                                      20     1   2  2  
 4 Derrick Pouliot          Steven Santini                                    10     1   2  2  

PowerPlay Forward 
   Center                   Left Wing                Right Wing               Time % Phy DF OF 
 1 Maxime Sauvé             Dave Dziurzynski         Stefan Noesen            60     1   2  2  
 2 Henrik Samuelsson        Ryan Dzingel             Samuel Blais             40     1   2  2  

PowerPlay Defense
   Defense                  Defense                                           Time % Phy DF OF 
 1 Derrick Pouliot          Steven Santini                                    60     1   2  2  
 2 Vince Dunn               Mikhail Sergachev                                 40     1   2  2  

Penalty Kill 4 Players Forward 
   Center                   Wing                     Time % Phy DF OF 
 1 Maxime Sauvé             Dave Dziurzynski         60     1   2  2  
 2 Henrik Samuelsson        Ryan Dzingel             40     1   2  2  

Penalty Kill 4 Players Defense
   Defense                  Defense                  Time % Phy DF OF 
 1 Derrick Pouliot          Steven Santini           60     1   2  2  
 2 Vince Dunn               Mikhail Sergachev        40     1   2  2  

Penalty Kill - 3 Players Forward 
   Forward                                           Time % Phy DF OF 
 1 Maxime Sauvé                                      60     1   2  2  
 2 Henrik Samuelsson                                 40     1   2  2  

Penalty Kill - 3 Players Defense
   Defense                  Defense                  Time % Phy DF OF 
 1 Derrick Pouliot          Steven Santini           60     1   2  2  
 2 Vince Dunn               Mikhail Sergachev        40     1   2  2  

4 vs 4 Forward 
   Center                   Wing                     Time % Phy DF OF 
 1 Maxime Sauvé             Dave Dziurzynski         60     1   2  2  
 2 Henrik Samuelsson        Ryan Dzingel             40     1   2  2  

4 vs 4 Defense
   Defense                  Defense                  Time % Phy DF OF 
 1 Derrick Pouliot          Steven Santini           60     1   2  2  
 2 Vince Dunn               Mikhail Sergachev        40     1   2  2  

Last Minutes Offensive
   Center                   Left Wing                Right Wing               Defense                  Defense                  
   Maxime Sauvé             Dave Dziurzynski         Stefan Noesen            Derrick Pouliot          Steven Santini           

Last Minutes Defensive
   Center                   Left Wing                Right Wing               Defense                  Defense                  
   Maxime Sauvé             Dave Dziurzynski         Stefan Noesen            Derrick Pouliot          Steven Santini           

Goaltenders
Starting : Samuel Montembeault      
Backup : Mike Condon              

Extra Forwards
Normal : Ryan Dzingel, David Pope, Seth Griffith - PP : Ryan Dzingel, David Pope - PK : Ryan Dzingel
Extra Defensemen
Normal : Mikhail Sergachev, Ryan Culkin, Colton White - PP : Mikhail Sergachev - PK : Mikhail Sergachev, Ryan Culkin
Penalty Shots
Maxime Sauvé, Stefan Noesen, Dave Dziurzynski, Henrik Samuelsson, Ryan Dzingel

Scratches
Adam Lowry (Healthy), Dryden Hunt (Healthy), Jacob Middleton (Healthy), Jake Marchment (Healthy), Joel Kiviranta (Healthy)
Joshua Jacobs (Healthy), Keegan Kolesar (Healthy), Mikhail Vorobyev (Healthy), Will Borgen (Healthy), Alexander Barabanov (Healthy)
Andrew Peeke (Healthy), Dante Fabbro (Healthy), Jeffrey Viel (Healthy), Yegor Korshkov (Healthy), Jake Paterson (Healthy)

Comets

5 vs 5 Forward 
   Center                   Left Wing                Right Wing               Time % Phy DF OF 
 1 Brendan Gaunce           Taylor Beck              Denis Gurianov           55     0   0  5  
 2 Andrej Nestrasil         Brendan Lemieux          Justin Bailey            25     1   2  2  
 3 Nicolas Petan            Dennis Everberg          Joshua Leivo             15     1   2  2  
 4 Axel Holmstrom           Brendan Perlini          Juho Lammikko            5      1   2  2  

5 vs 5 Defense 
   Defense                  Defense                                           Time % Phy DF OF 
 1 Seth Helgeson            Wiley Sherman                                     53     1   2  2  
 2 Nikita Tryamkin          Juuso Riikola                                     28     1   2  2  
 3 Oliver Kylington         William Lagesson                                  14     1   2  2  
 4 Nikita Tryamkin          Wiley Sherman                                     5      1   2  2  

PowerPlay Forward 
   Center                   Left Wing                Right Wing               Time % Phy DF OF 
 1 Brendan Gaunce           Brendan Lemieux          Denis Gurianov           70     2   0  3  
 2 Andrej Nestrasil         Taylor Beck              Justin Bailey            30     2   0  3  

PowerPlay Defense
   Defense                  Defense                                           Time % Phy DF OF 
 1 Seth Helgeson            Wiley Sherman                                     60     2   0  3  
 2 Nikita Tryamkin          Juuso Riikola                                     40     2   0  3  

Penalty Kill 4 Players Forward 
   Center                   Wing                     Time % Phy DF OF 
 1 Brendan Gaunce           Taylor Beck              60     1   2  2  
 2 Andrej Nestrasil         Brendan Lemieux          40     1   2  2  

Penalty Kill 4 Players Defense
   Defense                  Defense                  Time % Phy DF OF 
 1 Seth Helgeson            Wiley Sherman            60     1   2  2  
 2 Nikita Tryamkin          Juuso Riikola            40     1   2  2  

Penalty Kill - 3 Players Forward 
   Forward                                           Time % Phy DF OF 
 1 Brendan Gaunce                                    60     1   2  2  
 2 Andrej Nestrasil                                  40     1   2  2  

Penalty Kill - 3 Players Defense
   Defense                  Defense                  Time % Phy DF OF 
 1 Seth Helgeson            Wiley Sherman            60     1   2  2  
 2 Nikita Tryamkin          Juuso Riikola            40     1   2  2  

4 vs 4 Forward 
   Center                   Wing                     Time % Phy DF OF 
 1 Brendan Gaunce           Taylor Beck              60     1   2  2  
 2 Andrej Nestrasil         Brendan Lemieux          40     1   2  2  

4 vs 4 Defense
   Defense                  Defense                  Time % Phy DF OF 
 1 Seth Helgeson            Wiley Sherman            60     1   2  2  
 2 Nikita Tryamkin          Juuso Riikola            40     1   2  2  

Last Minutes Offensive
   Center                   Left Wing                Right Wing               Defense                  Defense                  
   Brendan Gaunce           Brendan Lemieux          Denis Gurianov           Nikita Tryamkin          Wiley Sherman            

Last Minutes Defensive
   Center                   Left Wing                Right Wing               Defense                  Defense                  
   Brendan Gaunce           Taylor Beck              Dennis Everberg          Seth Helgeson            Wiley Sherman            

Goaltenders
Starting : Alexandar Georgiev       
Backup : Thatcher Demko           

Extra Forwards
Normal : Justin Bailey, Denis Gurianov, Joshua Leivo - PP : Justin Bailey, Denis Gurianov - PK : Justin Bailey
Extra Defensemen
Normal : Juuso Riikola, Oliver Kylington, Wiley Sherman - PP : Juuso Riikola - PK : Juuso Riikola, Oliver Kylington
Penalty Shots
Dennis Everberg, Taylor Beck, Brendan Lemieux, Brendan Gaunce, Denis Gurianov

Scratches
Anton Karlsson (Healthy), Jaedon Descheneau (Healthy), Jeremy Roy (Healthy), Kurtis Macdermid (Healthy), Mackenzie MacEachern (Healthy)
Taylor Leier (Healthy), Teemu Pulkkinen (Healthy), Thomas DiPauli (Healthy), Tyler Graovac (Healthy), Jordan Gross (Healthy)
Rasmus Asplund (Healthy), Oskar Steen (Healthy), Dmitry Sokolov (Healthy), Marek Langhamer (Healthy)

% Time on Ice - Wolfpack

Lines # - Real PCT - Wanted PCT - Time Play
Normal Forward
1 - 27% - 40% - 11:50
2 - 28% - 30% - 12:15
3 - 23% - 20% - 10:10
4 - 22% - 10% - 9:29
Normal Defense
1 - 33% - 40% - 14:26
2 - 36% - 30% - 15:35
3 - 28% - 20% - 12:10
4 - 4% - 10% - 1:33
PP Forward
1 - 52% - 60% - 5:12
2 - 48% - 40% - 4:43
PP Defense
1 - 52% - 60% - 5:12
2 - 48% - 40% - 4:43
PK Forward
1 - 78% - 60% - 4:40
2 - 22% - 40% - 1:17
PK Defense
1 - 71% - 60% - 4:13
2 - 29% - 40% - 1:44
PK3 Forward
1 - 0% - 60%
2 - 0% - 40%
PK3 Defense
1 - 0% - 60%
2 - 0% - 40%
44 Forward
1 - 88% - 60% - 4:23
2 - 12% - 40% - 0:37
44 Defense
1 - 65% - 60% - 3:14
2 - 35% - 40% - 1:46
Last Minute Offensive  - 0:24
Last Minute Defensive  - 0:00
Total
Forward - 65:00
Defense - 65:00

% Time on Ice - Comets

Lines # - Real PCT - Wanted PCT - Time Play
Normal Forward
1 - 37% - 55% - 16:23
2 - 23% - 25% - 9:57
3 - 22% - 15% - 9:29
4 - 18% - 5% - 7:55
Normal Defense
1 - 46% - 53% - 20:08
2 - 27% - 28% - 11:47
3 - 24% - 14% - 10:29
4 - 3% - 5% - 1:20
PP Forward
1 - 50% - 70% - 2:57
2 - 50% - 30% - 3:00
PP Defense
1 - 56% - 60% - 3:20
2 - 44% - 40% - 2:37
PK Forward
1 - 75% - 60% - 7:29
2 - 25% - 40% - 2:26
PK Defense
1 - 59% - 60% - 5:49
2 - 41% - 40% - 4:06
PK3 Forward
1 - 0% - 60%
2 - 0% - 40%
PK3 Defense
1 - 0% - 60%
2 - 0% - 40%
44 Forward
1 - 79% - 60% - 3:58
2 - 21% - 40% - 1:02
44 Defense
1 - 73% - 60% - 3:39
2 - 27% - 40% - 1:21
Last Minute Offensive  - 0:00
Last Minute Defensive  - 0:24
Total
Forward - 65:00
Defense - 65:00

Play-by-Play

1st period


0:01 of 1st period - Brendan Gaunce wins face-off versus Maxime Sauvé in neutral zone.
1:13 of 1st period - Slapshot by Brendan Perlini.
1:13 of 1st period - Stopped by Samuel Montembeault without a rebound.
1:14 of 1st period - Axel Holmstrom wins face-off versus Stefan Noesen in Wolfpack zone.
1:15 of 1st period - Snap shot by Brendan Perlini.
1:15 of 1st period - Stopped by Samuel Montembeault with a rebound.
1:17 of 1st period - Snap shot by Brendan Perlini.
1:17 of 1st period - Shot Misses the Net.
1:19 of 1st period - Slapshot by Nikita Tryamkin.
1:19 of 1st period - Shot Blocked by Ryan Culkin.
1:21 of 1st period - Snap shot by Juuso Riikola.
1:21 of 1st period - Shot Hit the Post.
1:23 of 1st period - Snap shot by Axel Holmstrom.
1:23 of 1st period - Deflect By Juho Lammikko.
1:23 of 1st period - Shot Blocked by Dave Dziurzynski.
1:23 of 1st period - Puck is out of play.
1:24 of 1st period - Brendan Gaunce wins face-off versus Dave Dziurzynski in Wolfpack zone.
1:27 of 1st period - Snap shot by Brendan Gaunce.
1:27 of 1st period - Stopped by Samuel Montembeault with a rebound.
1:29 of 1st period - Wrist shot by Juuso Riikola.
1:29 of 1st period - Shot Misses the Net.
1:54 of 1st period - Slapshot by Samuel Blais.
1:54 of 1st period - Stopped by Alexandar Georgiev without a rebound.
1:55 of 1st period - Brendan Gaunce wins face-off versus Henrik Samuelsson in Comets zone.
2:25 of 1st period - Snap shot by Dennis Everberg.
2:25 of 1st period - Shot Misses the Net.
2:32 of 1st period - Minor Penalty to Joshua Leivo for Holding.
2:33 of 1st period - Maxime Sauvé wins face-off versus Brendan Gaunce in Comets zone.
2:41 of 1st period - Wrist shot by Dave Dziurzynski.
2:41 of 1st period - Stopped by Alexandar Georgiev with a rebound.
2:43 of 1st period - Wrist shot by Maxime Sauvé.
2:43 of 1st period - Stopped by Alexandar Georgiev with a rebound.
2:45 of 1st period - Slapshot by Derrick Pouliot.
2:45 of 1st period - Shot Blocked by Taylor Beck.
2:47 of 1st period - Slapshot by Derrick Pouliot.
2:47 of 1st period - Shot Misses the Net.
2:49 of 1st period - Slapshot by Stefan Noesen.
2:49 of 1st period - Shot Misses the Net.
3:04 of 1st period - Slapshot by Derrick Pouliot.
3:04 of 1st period - Stopped by Alexandar Georgiev with a rebound.
3:06 of 1st period - Slapshot by Samuel Blais.
3:06 of 1st period - Stopped by Alexandar Georgiev without a rebound.
3:07 of 1st period - Brendan Gaunce wins face-off versus Maxime Sauvé in Comets zone.
3:18 of 1st period - Wrist shot by Stefan Noesen.
3:18 of 1st period - Stopped by Alexandar Georgiev with a rebound.
3:32 of 1st period - Mikhail Sergachev is hit by Nikita Tryamkin and loses puck.
3:42 of 1st period - Brendan Lemieux is hit by Ryan Dzingel.
4:32 of 1st period - Penalty to Joshua Leivo is over, Joshua Leivo is back on ice.
5:08 of 1st period - Snap shot by David Pope.
5:08 of 1st period - Shot Blocked by Juuso Riikola.
5:10 of 1st period - Snap shot by David Pope.
5:10 of 1st period - Stopped by Alexandar Georgiev without a rebound.
5:11 of 1st period - Brendan Gaunce wins face-off versus Henrik Samuelsson in Comets zone.
5:36 of 1st period - Maxime Sauvé is hit by Joshua Leivo and loses puck.
5:43 of 1st period - Dennis Everberg is hit by Maxime Sauvé and loses puck.
6:06 of 1st period - Derrick Pouliot is hit by Wiley Sherman and loses puck.
6:23 of 1st period - Taylor Beck is hit by Samuel Blais and loses puck.
7:36 of 1st period - Slapshot by Samuel Blais.
7:36 of 1st period - Stopped by Alexandar Georgiev with a rebound.
8:04 of 1st period - Wrist shot by Brendan Gaunce.
8:04 of 1st period - Shot Misses the Net.
9:35 of 1st period - Wrist shot by Stefan Noesen.
9:35 of 1st period - Stopped by Alexandar Georgiev without a rebound.
9:36 of 1st period - Maxime Sauvé wins face-off versus Brendan Gaunce in Comets zone.
9:51 of 1st period - Stefan Noesen is hit by Denis Gurianov and loses puck.
10:37 of 1st period - David Pope is hit by Joshua Leivo and loses puck.
11:04 of 1st period - Juuso Riikola is hit by Ryan Dzingel and loses puck.
11:23 of 1st period - Snap shot by Taylor Beck.
11:23 of 1st period - Stopped by Samuel Montembeault with a rebound.
11:27 of 1st period - Slapshot by Brendan Gaunce.
11:27 of 1st period - Stopped by Samuel Montembeault with a rebound.
11:37 of 1st period - Slapshot by Andrej Nestrasil.
11:37 of 1st period - Stopped by Samuel Montembeault with a rebound.
11:39 of 1st period - Slapshot by Brendan Lemieux.
11:39 of 1st period - Stopped by Samuel Montembeault with a rebound.
11:41 of 1st period - Slapshot by Seth Helgeson.
11:41 of 1st period - Shot Misses the Net.
11:43 of 1st period - Slapshot by Brendan Lemieux.
11:43 of 1st period - Shot Misses the Net.
11:45 of 1st period - Wrist shot by Brendan Lemieux.
11:45 of 1st period - Shot Misses the Net.
11:47 of 1st period - Wrist shot by Andrej Nestrasil.
11:47 of 1st period - Stopped by Samuel Montembeault with a rebound.
12:03 of 1st period - Slapshot by Kevin Roy.
12:03 of 1st period - Stopped by Alexandar Georgiev without a rebound.
12:04 of 1st period - Denis Gurianov wins face-off versus Stefan Noesen in Comets zone.
13:11 of 1st period - Icing by Vince Dunn.
13:12 of 1st period - Brendan Gaunce wins face-off versus Kevin Roy in Wolfpack zone.
13:50 of 1st period - Snap shot by Vince Dunn.
13:50 of 1st period - Deflect By Nikita Tryamkin.
13:50 of 1st period - Stopped by Alexandar Georgiev with a rebound.
14:04 of 1st period - Wrist shot by Brendan Gaunce.
14:04 of 1st period - Stopped by Samuel Montembeault with a rebound.
14:12 of 1st period - Wrist shot by Brendan Gaunce.
14:12 of 1st period - Shot Misses the Net.
14:54 of 1st period - Vince Dunn is hit by Nikita Tryamkin and loses puck.
15:28 of 1st period - Snap shot by Kevin Roy.
15:28 of 1st period - Stopped by Alexandar Georgiev with a rebound.
15:30 of 1st period - Slapshot by Mikhail Sergachev.
15:30 of 1st period - Deflect By Taylor Beck.
15:30 of 1st period - Stopped by Alexandar Georgiev without a rebound.
15:31 of 1st period - Andrej Nestrasil wins face-off versus Maxime Sauvé in Comets zone.
15:56 of 1st period - Wiley Sherman is hit by Samuel Blais and loses puck.
16:29 of 1st period - Seth Helgeson is hit by Derrick Pouliot and loses puck.
16:46 of 1st period - Backhand shot by Brendan Lemieux.
16:46 of 1st period - Stopped by Samuel Montembeault without a rebound.
16:47 of 1st period - Nicolas Petan wins face-off versus Dave Dziurzynski in Wolfpack zone.
16:53 of 1st period - Minor Penalty to Stefan Noesen for Interference.
16:54 of 1st period - Andrej Nestrasil wins face-off versus Maxime Sauvé in Wolfpack zone.
16:56 of 1st period - Snap shot by Andrej Nestrasil.
16:56 of 1st period - Shot Misses the Net.
18:25 of 1st period - Oliver Kylington is hit by Ryan Dzingel and loses puck.
18:53 of 1st period - Penalty to Stefan Noesen is over, Stefan Noesen is back on ice.
19:06 of 1st period - Nicolas Petan is hit by Ryan Dzingel and loses puck.
19:27 of 1st period - William Lagesson is hit by Vince Dunn and loses puck.
19:48 of 1st period - Taylor Beck is hit by Samuel Blais.
Goals for this period are 0 for Wolfpack vs 0 for Comets.
Shots for this period are 13 for Wolfpack vs 10 for Comets.

2nd period


0:01 of 2nd period - Maxime Sauvé wins face-off versus Brendan Gaunce in neutral zone.
0:33 of 2nd period - Snap shot by Brendan Lemieux.
0:33 of 2nd period - Stopped by Samuel Montembeault with a rebound.
1:07 of 2nd period - Maxime Sauvé is hit by Denis Gurianov and loses puck.
1:26 of 2nd period - Minor Penalty to Joshua Leivo for Interference.
1:27 of 2nd period - Brendan Gaunce wins face-off versus Maxime Sauvé in Comets zone.
1:59 of 2nd period - Slapshot by Steven Santini.
1:59 of 2nd period - Shot Misses the Net.
3:26 of 2nd period - Penalty to Joshua Leivo is over, Joshua Leivo is back on ice.
3:42 of 2nd period - Wrist shot by Joshua Leivo.
3:42 of 2nd period - Stopped by Samuel Montembeault without a rebound.
3:43 of 2nd period - Seth Griffith wins face-off versus Axel Holmstrom in Wolfpack zone.
3:43 of 2nd period - Seth Griffith is hit by Brendan Perlini.
4:44 of 2nd period - Mikhail Sergachev is hit by Seth Helgeson.
5:02 of 2nd period - Snap shot by Dave Dziurzynski.
5:02 of 2nd period - Deflect By Stefan Noesen.
5:02 of 2nd period - Shot Misses the Net.
5:02 of 2nd period - Puck is out of play.
5:03 of 2nd period - Axel Holmstrom wins face-off versus Maxime Sauvé in Comets zone.
5:08 of 2nd period - Maxime Sauvé is hit by Axel Holmstrom and loses puck.
5:19 of 2nd period - Wrist shot by Dave Dziurzynski.
5:19 of 2nd period - Shot Misses the Net.
5:44 of 2nd period - Minor Penalty to Seth Helgeson for Goalie Interference.
5:45 of 2nd period - Brendan Gaunce wins face-off versus Maxime Sauvé in Comets zone.
6:45 of 2nd period - Snap shot by Brendan Lemieux.
6:45 of 2nd period - Shot Blocked by Samuel Blais.
7:44 of 2nd period - Penalty to Seth Helgeson is over, Seth Helgeson is back on ice.
8:02 of 2nd period - Wrist shot by Seth Helgeson.
8:02 of 2nd period - Shot Misses the Net.
8:04 of 2nd period - Slapshot by Seth Helgeson.
8:04 of 2nd period - Stopped by Samuel Montembeault with a rebound.
9:06 of 2nd period - Derrick Pouliot is hit by Andrej Nestrasil and loses puck.
9:54 of 2nd period - Sebastian Collberg is hit by Brendan Perlini and loses puck.
10:12 of 2nd period - Seth Helgeson is hit by Kevin Roy and loses puck.
10:44 of 2nd period - Mikhail Sergachev is hit by Brendan Perlini and loses puck.
11:01 of 2nd period - Brendan Gaunce is hit by Connor Chatam and loses puck.
11:28 of 2nd period - Joshua Leivo is hit by Seth Griffith and loses puck.
11:39 of 2nd period - Kevin Roy is hit by Taylor Beck.
11:43 of 2nd period - Taylor Beck is hit by Vince Dunn and loses puck.
12:12 of 2nd period - Backhand shot by Brendan Lemieux.
12:12 of 2nd period - Shot Blocked by Mikhail Sergachev.
13:15 of 2nd period - Seth Helgeson is hit by Sebastian Collberg and loses puck.
13:44 of 2nd period - Oliver Kylington is hit by Derrick Pouliot and loses puck.
13:59 of 2nd period - Vince Dunn is hit by Brendan Lemieux and loses puck.
14:16 of 2nd period - Slapshot by Brendan Perlini.
14:16 of 2nd period - Stopped by Samuel Montembeault without a rebound.
14:17 of 2nd period - Seth Griffith wins face-off versus Axel Holmstrom in Wolfpack zone.
14:41 of 2nd period - Ryan Dzingel is hit by Nikita Tryamkin and loses puck.
14:50 of 2nd period - Snap shot by Juho Lammikko.
14:50 of 2nd period - Stopped by Samuel Montembeault with a rebound.
14:52 of 2nd period - Minor Penalty to Mikhail Sergachev for Hooking.
14:53 of 2nd period - Brendan Gaunce wins face-off versus Maxime Sauvé in Wolfpack zone.
15:04 of 2nd period - Wrist shot by Brendan Gaunce.
15:04 of 2nd period - Shot Misses the Net.
15:27 of 2nd period - Snap shot by Justin Bailey.
15:27 of 2nd period - Stopped by Samuel Montembeault with a rebound.
16:52 of 2nd period - Penalty to Mikhail Sergachev is over, Mikhail Sergachev is back on ice.
16:58 of 2nd period - Slapshot by Ryan Dzingel.
16:58 of 2nd period - Deflect By Mikhail Sergachev.
16:58 of 2nd period - Stopped by Alexandar Georgiev without a rebound.
16:59 of 2nd period - Nicolas Petan wins face-off versus Henrik Samuelsson in Comets zone.
17:08 of 2nd period - Slapshot by Dennis Everberg.
17:08 of 2nd period - Stopped by Samuel Montembeault without a rebound.
17:09 of 2nd period - Henrik Samuelsson wins face-off versus Nicolas Petan in Wolfpack zone.
17:26 of 2nd period - Snap shot by Dennis Everberg.
17:26 of 2nd period - Stopped by Samuel Montembeault with a rebound.
17:28 of 2nd period - Snap shot by Dennis Everberg.
17:28 of 2nd period - Goal by Dennis Everberg - Wolfpack : 0 - Comets : 1.
17:29 of 2nd period - Brendan Gaunce wins face-off versus Maxime Sauvé in neutral zone.
17:57 of 2nd period - Slapshot by Steven Santini.
17:57 of 2nd period - Deflect By Henrik Samuelsson.
17:57 of 2nd period - Shot Blocked by Wiley Sherman.
17:57 of 2nd period - Puck is out of play.
17:58 of 2nd period - Andrej Nestrasil wins face-off versus Henrik Samuelsson in Comets zone.
17:58 of 2nd period - Andrej Nestrasil is hit by Henrik Samuelsson.
18:12 of 2nd period - Snap shot by Andrej Nestrasil.
18:12 of 2nd period - Stopped by Samuel Montembeault without a rebound.
18:13 of 2nd period - Brendan Gaunce wins face-off versus Maxime Sauvé in Wolfpack zone.
18:16 of 2nd period - Snap shot by Denis Gurianov.
18:16 of 2nd period - Stopped by Samuel Montembeault with a rebound.
18:18 of 2nd period - Slapshot by Seth Helgeson.
18:18 of 2nd period - Stopped by Samuel Montembeault without a rebound.
18:19 of 2nd period - Brendan Gaunce wins face-off versus Maxime Sauvé in Wolfpack zone.
18:32 of 2nd period - Slapshot by Brendan Gaunce.
18:32 of 2nd period - Shot Misses the Net.
18:40 of 2nd period - Minor Penalty to Steven Santini for Slashing.
18:41 of 2nd period - Brendan Gaunce wins face-off versus Maxime Sauvé in Wolfpack zone.
19:20 of 2nd period - Dave Dziurzynski is hit by Andrej Nestrasil and loses puck.
19:40 of 2nd period - Ryan Culkin is hit by Andrej Nestrasil.
Goals for this period are 0 for Wolfpack vs 1 for Comets.
Shots for this period are 1 for Wolfpack vs 12 for Comets.

3rd period


0:01 of 3rd period - Brendan Gaunce wins face-off versus Maxime Sauvé in neutral zone.
0:40 of 3rd period - Penalty to Steven Santini is over, Steven Santini is back on ice.
0:53 of 3rd period - Wrist shot by Derrick Pouliot.
0:53 of 3rd period - Shot Misses the Net.
0:55 of 3rd period - Snap shot by Alex Barre-Boulet.
0:55 of 3rd period - Stopped by Alexandar Georgiev without a rebound.
0:56 of 3rd period - Brendan Gaunce wins face-off versus Seth Griffith in Comets zone.
1:22 of 3rd period - Justin Bailey is hit by Dave Dziurzynski and loses puck.
1:43 of 3rd period - Snap shot by Henrik Samuelsson.
1:43 of 3rd period - Stopped by Alexandar Georgiev with a rebound.
2:50 of 3rd period - Backhand shot by Nikita Tryamkin.
2:50 of 3rd period - Shot Misses the Net.
2:52 of 3rd period - Wrist shot by Juuso Riikola.
2:52 of 3rd period - Stopped by Samuel Montembeault without a rebound.
2:53 of 3rd period - Brendan Gaunce wins face-off versus Dave Dziurzynski in Wolfpack zone.
2:58 of 3rd period - Wrist shot by Taylor Beck.
2:58 of 3rd period - Stopped by Samuel Montembeault without a rebound.
2:59 of 3rd period - Maxime Sauvé wins face-off versus Brendan Gaunce in Wolfpack zone.
2:59 of 3rd period - Maxime Sauvé is hit by Wiley Sherman.
3:52 of 3rd period - Wrist shot by Wiley Sherman.
3:52 of 3rd period - Shot Misses the Net.
4:07 of 3rd period - Minor Penalty to Seth Helgeson for Kneeing.
4:08 of 3rd period - Henrik Samuelsson wins face-off versus Andrej Nestrasil in Comets zone.
4:08 of 3rd period - Wrist shot by Ryan Dzingel.
4:08 of 3rd period - Stopped by Alexandar Georgiev with a rebound.
5:23 of 3rd period - Taylor Beck is hit by Connor Chatam and loses puck.
5:28 of 3rd period - Wrist shot by David Pope.
5:28 of 3rd period - Shot Blocked by Brendan Gaunce.
5:30 of 3rd period - Wrist shot by Colton White.
5:30 of 3rd period - Stopped by Alexandar Georgiev with a rebound.
5:32 of 3rd period - Snap shot by Colton White.
5:32 of 3rd period - Shot Misses the Net.
6:07 of 3rd period - Penalty to Seth Helgeson is over, Seth Helgeson is back on ice.
6:12 of 3rd period - Steven Santini is hit by Nicolas Petan and loses puck.
6:17 of 3rd period - Wrist shot by Dennis Everberg.
6:17 of 3rd period - Stopped by Samuel Montembeault with a rebound.
6:19 of 3rd period - Snap shot by Dennis Everberg.
6:19 of 3rd period - Shot Blocked by Steven Santini.
6:25 of 3rd period - Wrist shot by Dennis Everberg.
6:25 of 3rd period - Stopped by Samuel Montembeault with a rebound.
6:35 of 3rd period - Derrick Pouliot is hit by Axel Holmstrom and loses puck.
6:42 of 3rd period - Snap shot by Juho Lammikko.
6:42 of 3rd period - Stopped by Samuel Montembeault with a rebound.
6:54 of 3rd period - Snap shot by Connor Chatam.
6:54 of 3rd period - Shot Misses the Net.
7:56 of 3rd period - Andrej Nestrasil is hit by David Pope and loses puck.
8:25 of 3rd period - Minor Penalty to Seth Helgeson for Roughing.
8:26 of 3rd period - Brendan Gaunce wins face-off versus Henrik Samuelsson in Comets zone.
10:25 of 3rd period - Penalty to Seth Helgeson is over, Seth Helgeson is back on ice.
11:19 of 3rd period - Alex Barre-Boulet is hit by Seth Helgeson and loses puck.
12:21 of 3rd period - Ryan Culkin is hit by Seth Helgeson and loses puck.
13:35 of 3rd period - Taylor Beck is hit by Steven Santini and loses puck.
13:48 of 3rd period - Maxime Sauvé is hit by Nikita Tryamkin and loses puck.
14:03 of 3rd period - Seth Helgeson is hit by Sebastian Collberg and loses puck.
14:14 of 3rd period - Alex Barre-Boulet is hit by Brendan Lemieux and loses puck.
14:21 of 3rd period - Snap shot by Andrej Nestrasil.
14:21 of 3rd period - Shot Blocked by Alex Barre-Boulet.
14:23 of 3rd period - Snap shot by Andrej Nestrasil.
14:23 of 3rd period - Deflect By Brendan Lemieux.
14:23 of 3rd period - Shot Misses the Net.
14:23 of 3rd period - Puck is out of play.
14:24 of 3rd period - Maxime Sauvé wins face-off versus Brendan Gaunce in Wolfpack zone.
14:34 of 3rd period - Seth Helgeson is hit by Stefan Noesen and loses puck.
14:41 of 3rd period - Denis Gurianov is hit by Dave Dziurzynski and loses puck.
14:54 of 3rd period - Brendan Lemieux is hit by Seth Griffith and loses puck.
15:17 of 3rd period - Slapshot by Henrik Samuelsson.
15:17 of 3rd period - Shot Misses the Net.
15:29 of 3rd period - Henrik Samuelsson is hit by Seth Helgeson.
15:43 of 3rd period - Taylor Beck is hit by Connor Chatam and loses puck.
16:09 of 3rd period - Nikita Tryamkin is hit by Steven Santini and loses puck.
16:46 of 3rd period - Wrist shot by Henrik Samuelsson.
16:46 of 3rd period - Shot Misses the Net.
17:27 of 3rd period - Slapshot by Taylor Beck.
17:27 of 3rd period - Stopped by Samuel Montembeault with a rebound.
17:53 of 3rd period - Snap shot by Brendan Gaunce.
17:53 of 3rd period - Stopped by Samuel Montembeault with a rebound.
18:21 of 3rd period - Snap shot by Samuel Blais.
18:21 of 3rd period - Deflect By Seth Helgeson.
18:21 of 3rd period - Shot Misses the Net.
18:21 of 3rd period - Puck is out of play.
18:22 of 3rd period - Seth Griffith wins face-off versus Andrej Nestrasil in Comets zone.
18:25 of 3rd period - Slapshot by Ryan Dzingel.
18:25 of 3rd period - Shot Hit the Post.
18:27 of 3rd period - Slapshot by Seth Griffith.
18:27 of 3rd period - Stopped by Alexandar Georgiev with a rebound.
18:29 of 3rd period - Slapshot by Derrick Pouliot.
18:29 of 3rd period - Shot Misses the Net.
18:31 of 3rd period - Wrist shot by Seth Griffith.
18:31 of 3rd period - Deflect By Ryan Dzingel.
18:31 of 3rd period - Shot Misses the Net.
18:31 of 3rd period - Puck is out of play.
18:32 of 3rd period - Seth Griffith wins face-off versus Andrej Nestrasil in Comets zone.
18:33 of 3rd period - Snap shot by Ryan Dzingel.
18:33 of 3rd period - Deflect By Nikita Tryamkin.
18:33 of 3rd period - Shot Misses the Net.
18:33 of 3rd period - Puck is out of play.
18:34 of 3rd period - Seth Griffith wins face-off versus Andrej Nestrasil in Comets zone.
18:49 of 3rd period - Slapshot by Brendan Lemieux.
18:49 of 3rd period - Stopped by Samuel Montembeault without a rebound.
18:50 of 3rd period - Jack Capuano call a timeout for Wolfpack.
18:50 of 3rd period - Justin Bailey wins face-off versus Maxime Sauvé in Wolfpack zone.
18:53 of 3rd period - Wrist shot by Joshua Leivo.
18:53 of 3rd period - Shot Blocked by Maxime Sauvé.
18:59 of 3rd period - Wolfpack, Samuel Montembeault is pulled from the net.
18:59 of 3rd period - Wrist shot by Dave Dziurzynski.
18:59 of 3rd period - Stopped by Alexandar Georgiev with a rebound.
19:01 of 3rd period - Slapshot by Derrick Pouliot.
19:01 of 3rd period - Shot Misses the Net.
19:11 of 3rd period - Snap shot by Stefan Noesen.
19:11 of 3rd period - Stopped by Alexandar Georgiev with a rebound.
19:13 of 3rd period - Snap shot by Maxime Sauvé.
19:13 of 3rd period - Goal by Maxime Sauvé - Wolfpack : 1 - Comets : 1.
19:13 of 3rd period - Samuel Montembeault from Wolfpack was sent back in the game.
19:14 of 3rd period - Seth Griffith wins face-off versus Nicolas Petan in neutral zone.
19:17 of 3rd period - Wrist shot by Derrick Pouliot.
19:17 of 3rd period - Shot Blocked by Dennis Everberg.
19:27 of 3rd period - Snap shot by Dennis Everberg.
19:27 of 3rd period - Shot Misses the Net.
19:48 of 3rd period - Snap shot by Andrej Nestrasil.
19:48 of 3rd period - Shot Misses the Net.
Goals for this period are 1 for Wolfpack vs 0 for Comets.
Shots for this period are 8 for Wolfpack vs 8 for Comets.

Overtime #1


0:01 of 1st overtime period - Maxime Sauvé wins face-off versus Taylor Beck in neutral zone.
1:12 of 1st overtime period - Dave Dziurzynski is hit by Justin Bailey and loses puck.
1:46 of 1st overtime period - Slapshot by Derrick Pouliot.
1:46 of 1st overtime period - Stopped by Alexandar Georgiev with a rebound.
2:55 of 1st overtime period - Seth Griffith is hit by Juuso Riikola and loses puck.
3:18 of 1st overtime period - Justin Bailey is hit by Henrik Samuelsson.
3:28 of 1st overtime period - Taylor Beck is hit by Steven Santini and loses puck.
3:53 of 1st overtime period - Wrist shot by Joshua Leivo.
3:53 of 1st overtime period - Shot Misses the Net.
4:09 of 1st overtime period - Ryan Culkin is hit by Joshua Leivo and loses puck.
4:57 of 1st overtime period - David Pope is hit by Denis Gurianov and loses puck.
Goals for this period are 0 for Wolfpack vs 0 for Comets.
Shots for this period are 1 for Wolfpack vs 0 for Comets.

ShootOut


5:00 of 1st overtime period - Round #1.
5:00 of 1st overtime period - Wolfpack, Maxime Sauvé.
5:00 of 1st overtime period - Backhand shot by Maxime Sauvé.
5:00 of 1st overtime period - Goal by Maxime Sauvé.
5:00 of 1st overtime period - Comets, Dennis Everberg.
5:00 of 1st overtime period - Wrist shot by Dennis Everberg.
5:00 of 1st overtime period - Goal by Dennis Everberg.
5:00 of 1st overtime period - Round #2.
5:00 of 1st overtime period - Wolfpack, Stefan Noesen.
5:00 of 1st overtime period - Wrist shot by Stefan Noesen.
5:00 of 1st overtime period - Stopped by Alexandar Georgiev.
5:00 of 1st overtime period - Comets, Taylor Beck.
5:00 of 1st overtime period - Wrist shot by Taylor Beck.
5:00 of 1st overtime period - Stopped by Samuel Montembeault.
5:00 of 1st overtime period - Round #3.
5:00 of 1st overtime period - Wolfpack, Dave Dziurzynski.
5:00 of 1st overtime period - Snap shot by Dave Dziurzynski.
5:00 of 1st overtime period - Goal by Dave Dziurzynski.
5:00 of 1st overtime period - Comets, Brendan Lemieux.
5:00 of 1st overtime period - Snap shot by Brendan Lemieux.
5:00 of 1st overtime period - Goal by Brendan Lemieux.
5:00 of 1st overtime period - Round #4.
5:00 of 1st overtime period - Wolfpack, Henrik Samuelsson.
5:00 of 1st overtime period - Snap shot by Henrik Samuelsson.
5:00 of 1st overtime period - Goal by Henrik Samuelsson.
5:00 of 1st overtime period - Comets, Brendan Gaunce.
5:00 of 1st overtime period - Deke by Brendan Gaunce.
5:00 of 1st overtime period - Stopped by Samuel Montembeault.